 Dungeon Crawl Stone Soup version 0.24.0-125-gc4c63601f3 (webtiles) character file.

Game seed: 3954562266540299281, levelgen mode: deterministic

105 Frank2 the Cudgeler (level 4, -2/34 HPs)
             Began as a Demonspawn Gladiator on Mar 21, 2020.
             Slain by a killer bee (4 damage)
             ... on level 2 of the Dungeon.
             The game lasted 00:02:35 (2267 turns).

Frank2 the Cudgeler (Demonspawn Gladiator)          Turns: 2267, Time: 00:02:37

Health: -2/34      AC:  8    Str: 14    XL:     4   Next: 54%
Magic:  4/4        EV: 12    Int:  9    God:
Gold:   81         SH:  0    Dex: 16    Spells: 3/3 levels left

rFire    . . .     SeeInvis .   a - +1 flail
rCold    . . .     Gourm    .   (no shield)
rNeg     . . .     Faith    .   o - +0 ring mail (curse)
rPois    .         Spirit   .   c - +0 helmet
rElec    .         Reflect  .   (no cloak)
rCorr    .         Harm     .   (no gloves)
MR       .....                  (no boots)
Stlth    ++........             (no amulet)
HPRegen  0.11/turn              (no ring)
MPRegen  0.09/turn              (no ring)

@: lethally poisoned (-2 -> -11)
A: molten scales 1, nightstalker 1
a: no special abilities


You were on level 2 of the Dungeon.
You were hungry.

You visited 1 branch of the dungeon, and saw 3 of its levels.

You collected 81 gold pieces.

Inventory:

Hand Weapons
 a - a +1 flail (weapon)
Missiles
 d - a throwing net (quivered)
Armour
 c - a +0 helmet (worn)
 j - a +3 scale mail of fire resistance
 o - a cursed +0 ring mail (worn)
Jewellery
 i - an uncursed ring of resist corrosion
Scrolls
 b - a scroll of identify
 k - a scroll of amnesia {unknown}
Potions
 e - a potion of curing
 g - a potion of magic {unknown}
 h - a potion of degeneration {unknown}
 l - a potion of lignification
 m - a potion of ambrosia {unknown}
 n - 2 potions of heal wounds {unknown}
Comestibles
 f - 3 rations


   Skills:
 + Level 2.6 Fighting
 + Level 3.6 Maces & Flails
 - Level 1.7 Throwing
 + Level 1.5 Armour
 + Level 3.3 Dodging


You had 3 spell levels left.
You didn't know any spells.
Your spell library was empty.

Dungeon Overview and Level Annotations

Branches:
Dungeon (3/15)

Altars:


Innate Abilities, Weirdness & Mutations

You are partially covered in molten scales. (AC +2)
You are slightly more attuned to the shadows.


Message History

You feel sick. The killer bee barely misses you.
The killer bee closely misses you.
You hit the killer bee.
The killer bee is almost dead.
* * * LOW HITPOINT WARNING * * *
You feel sick. The killer bee stings you.
* * * LOW HITPOINT WARNING * * *
The killer bee barely misses you. The killer bee completely misses you.
You barely miss the killer bee.
The killer bee is almost dead.
* * * LOW HITPOINT WARNING * * *
You feel sick. The killer bee barely misses you.
The killer bee stings you but does no damage.
You closely miss the killer bee.
The killer bee is almost dead.
* * * LOW HITPOINT WARNING * * *
You feel sick. The killer bee barely misses you. The killer bee stings you.
* * * LOW HITPOINT WARNING * * *
The killer bee stings you.
You die...

####..............#
....#############.# ###.# #.#
#.##### #.# #.....# #.#
#####.# #.# #.# #.#
#.#########.# #..†......@.#
##########y.# ##########
#..##### .<.......# #(.....#
########.# ##.###.# #.#
##.###.# #.#
#...##.########### #.#
######.###............
####.###..............#######


You could see a killer bee.

Vanquished Creatures
  Terence (D:2)
  2 adders (D:2)
  2 dart slugs
  A worm (D:2)
  A leopard gecko (D:1)
  A ball python (D:1)
  2 bats
  3 giant cockroaches
  8 goblins
  5 hobgoblins
  11 jackals
  3 kobolds
  4 frilled lizards
  5 rats
49 creatures vanquished.

Notes
Turn   | Place    | Note
-------+----------+-------------------------------------------
     0 | D:1      | Frank2 the Demonspawn Gladiator began the quest for the
                  | Orb.
     0 | D:1      | Reached XP level 1. HP: 16/16 MP: 1/1
   149 | D:1      | Gained mutation: You are slightly more attuned to the
                  | shadows. [demonic ancestry]
   149 | D:1      | Reached XP level 2. HP: 21/22 MP: 2/2
   601 | D:1      | Gained mutation: You are partially covered in molten
                  | scales. (AC +2) [demonic ancestry]
   601 | D:1      | Reached XP level 3. HP: 25/27 MP: 3/3
  1746 | D:2      | Reached skill level 1 in Armour
  1782 | D:2      | Reached XP level 4. HP: 34/34 MP: 4/4
  1821 | D:2      | Noticed Terence
  1851 | D:2      | Killed Terence
  2267 | D:2      | Slain by a killer bee

Levels and vault maps discovered:
D:1:      erik_arrival_cave_to_civilisation [erik_arrival_cave_to_temple],
          layout_basic, hangedman_decor_slide_cut, minmay_misc_feat_five
D:2:      layout_loops_ring, skrybe_limestone_x, uniq_terence
D:3:      layout_basic, overflow_temple_1_default, first_ration,
          chequers_serial_rivers_small_a

Skill      XL: |  1  2  3 |
---------------+----------+-----
Dodging        | 3 |  3.3
Maces & Flails | 3 |  3.6
Armour         | 1 |  1.5
Fighting       | |  2.6
Throwing       | |  1.7

Action                   |  1- 3 |  4- 6 || total
-------------------------+-------+-------++-------
Melee: Flail             |   121 |    56 ||   177
Throw: Throwing net      |       |     2 ||     2
  Use: Potion            |     1 |       ||     1
       Scroll            |     5 |     1 ||     6
 Stab: Sleeping          |     7 |     2 ||     9
  Eat: Chunk             |     3 |     1 ||     4
Armor: Leather armour    |    50 |       ||    50
       Ring mail         |     2 |    25 ||    27
Dodge: Dodged            |   112 |    31 ||   143
